[Event "ETCC Open 2023"]
[Site "Budva"]
[Date "2023.11.11"]
[Round "1.45"]
[White "Erdos, Viktor"]
[Black "Keinanen, Toivo"]
[Result "1/2-1/2"]
[ECO "D53"]
[WhiteElo "2557"]
[BlackElo "2527"]
[Annotator "RC"]
[PlyCount "82"]
[EventDate "2023.11.10"]
[EventType "team-tourn"]
[EventCountry "MNE"]
[SourceTitle "playchess.com"]
[Source "ChessBase"]
[SourceQuality "1"]
[WhiteTeam "Hungary"]
[BlackTeam "Finland"]
[WhiteTeamCountry "HUN"]
[BlackTeamCountry "FIN"]
[TimeControl "40/5400+30:1800+30"]

1. d4 d5 2. c4 e6 3. Nf3 Nf6 4. Nc3 Be7 5. Bg5 h6 6. Bh4 dxc4 7. e3 Nd5 8. Bxe7 Qxe7 9. Qa4+ c6 10. Qxc4 b6 11. Be2 O-O 12. Rc1 Nxc3 13. Rxc3 Bb7 14. Ne5 Rc8 15. Bh5 g6 16. Bf3 Kg7 17. Qa4 c5 18. dxc5 bxc5 19. O-O Bxf3 20. Nxf3 Nd7 21. Rfc1 a5 22. h3 Rcb8 23. Rb3 Rxb3 24. Qxb3 a4 25. Qb7 Rb8 26. Qc7 Qe8 27. Ne5 Nf6 28. Nc4 Qf8 29. Rd1 Qc8 30. Qe5 Rb4 31. Qc3 Qc7 32. Nd6 Qb8 33. Rd2 g5 34. Qxc5 Rxb2 35. Rxb2 Qxb2 36. Qc7 Qb1+ 37. Kh2 Qg6 38. Qc3 Kh7 39. Qc7 Kg7 40. Qc3 Kh7 41. Qc7 Kg7 1/2-1/2

[Event "ETCC Open 2023"]
[Site "Budva"]
[Date "2023.11.11"]
[Round "1.46"]
[White "Sipila, Vilka"]
[Black "Gledura, Benjamin"]
[Result "1/2-1/2"]
[ECO "B33"]
[WhiteElo "2429"]
[BlackElo "2633"]
[Annotator "TA"]
[PlyCount "104"]
[EventDate "2023.11.10"]
[EventType "team-tourn"]
[EventCountry "MNE"]
[SourceTitle "playchess.com"]
[Source "ChessBase"]
[SourceQuality "1"]
[WhiteTeam "Finland"]
[BlackTeam "Hungary"]
[WhiteTeamCountry "FIN"]
[BlackTeamCountry "HUN"]
[TimeControl "40/5400+30:1800+30"]

1. e4 {[%emt 0:00:01] Shankland,Samuel L} c5 2. Nf3 Nc6 3. d4 cxd4 4. Nxd4 Nf6 5. Nc3 e5 6. Ndb5 d6 7. Nd5 Nxd5 8. exd5 Nb8 9. a4 Be7 10. Be2 O-O 11. O-O {[%emt 0:00:04] B33: Sicilian: Pelikan and Sveshnikov Variations.} Nd7 12. b4 a6 13. Na3 a5 14. bxa5 Ra7 {[%emt 1:24:45] [#]} (14... Qxa5 $11 15. Nb5 Qb6) 15. a6 Rxa6 (15... b6 $11) 16. Nc4 (16. Bxa6 $16 bxa6 17. Be3) 16... Ra8 17. Be3 f5 18. a5 {[%emt 0:00:39] [#]} Rf6 $146 (18... f4 $11 19. Bd2 Nc5) ({Predecessor:} 18... f4 19. Bb6 Qe8 20. Ra3 Qg6 21. Bc7 e4 22. Kh1 b5 23. Nb6 Nxb6 24. Bxb6 Qg5 25. g3 b4 {½-½ Caruana,F (2832)-Carlsen,M (2835) World-ch Carlsen-Caruana 2018 (10)}) 19. f4 $14 Qf8 20. fxe5 {[%emt 0:18:28] White is much more active.} Nxe5 21. Nb6 $1 Rb8 22. c4 ({Better is} 22. Qd2 $16) 22... Nd7 (22... f4 $1 $14 23. Bd4 f3) 23. Nxd7 $16 Bxd7 24. Rb1 $36 {[%emt 0:01:55][%mdl 2048] White is really pushing.} Bd8 {[%emt 0:00:00] [#]} (24... Qc8 $16) 25. a6 $1 $18 b6 {[%emt 0:00:00] [#]} 26. Qb3 $1 {[%emt 0:00:14] a7 is the strong threat.} Qe7 (26... Bc8 {was worth a try.} 27. Qa4 (27. a7 Ra8 $16) 27... Qe7) 27. Rfe1 Ba4 28. Qxa4 Qxe3+ 29. Kh1 b5 (29... Rf8 {keeps fighting.}) 30. cxb5 ({Don't do} 30. Rxb5 $6 Rxb5 31. cxb5 Rf7 $16) 30... Bb6 31. Bf3 Qf2 32. Re2 Qc5 33. Qc2 Qd4 34. g3 Bc5 35. Qb3 {[%emt 0:00:37] Hoping for Rd1.} Rff8 36. Qd1 $2 (36. Rc2 $18) 36... Rxb5 $11 {[%emt 0:01:10][%mdl 64] Deflection. The position is equal.} 37. Rd2 Qxd2 {[%emt 0:02:37][%mdl 64] Deflection} 38. Rxb5 Qa2 39. Qe2 Qxa6 40. Qe6+ $1 Kh8 41. Qxf5 $1 {[%emt 0:30:03][%cal Rf5f8][%mdl 64] Deflection, Back Rank} Qa8 42. Qb1 Qe8 43. Rb3 Ba7 44. Ra3 Bd4 45. Rb3 g6 46. Qd1 Qe5 47. Kg2 Bc5 48. Qd2 Kg8 49. Qh6 {[%emt 0:00:00] Threatening mate with Rb7.} Qf5 {[%emt 0:00:00] And now ...Qc2+ would win.} 50. Qc1 {[%emt 0:00:00] Dodges Qc2+} h5 51. Qb1 Qxb1 52. Rxb1 Kg7 {[%emt 0:00:00] Black defended with fortune. A brilliant game!   Weighted Error Value: White=0.24 (precise) /Black=0.26 (precise)} 1/2-1/2

[Event "ETCC Open 2023"]
[Site "Budva"]
[Date "2023.11.11"]
[Round "1.47"]
[White "Kozak, Adam"]
[Black "Sammalvuo, Tapani"]
[Result "1-0"]
[ECO "D31"]
[WhiteElo "2578"]
[BlackElo "2381"]
[Annotator "TA"]
[PlyCount "39"]
[EventDate "2023.11.10"]
[EventType "team-tourn"]
[EventCountry "MNE"]
[SourceTitle "playchess.com"]
[Source "ChessBase"]
[SourceQuality "1"]
[WhiteTeam "Hungary"]
[BlackTeam "Finland"]
[WhiteTeamCountry "HUN"]
[BlackTeamCountry "FIN"]
[TimeControl "40/5400+30:1800+30"]

1. d4 d5 2. c4 e6 3. Nc3 Be7 4. cxd5 exd5 5. Bf4 c6 6. e3 Bf5 7. Nge2 Nd7 {[%emt 0:00:36] [#]} 8. h4 $1 {[%emt 0:05:47] D31: Queen's Gambit Declined: Semi-Slav without ...Nf6 (+ Marshall Gambit and Noteboom) and Exchange Variation lines without ...Nf6.} h5 (8... Qb6 9. Qd2) 9. Ng3 Bg6 10. Bd3 {[%emt 0:00:19] White is slightly better.} Bxd3 11. Qxd3 Ngf6 {[%emt 0:08:26] [#]} 12. O-O-O $146 ({Predecessor:} 12. f3 O-O 13. O-O-O Re8 14. Kb1 g6 15. e4 dxe4 16. Ngxe4 Qa5 17. Bg5 Nxe4 18. Nxe4 {1-0 Tregubov,P (2588)-Azarov,S (2589) Titled Tuesday intern op 6th Aug blitz 2019 (9)}) 12... Qa5 13. Nf5 Bf8 14. Kb1 {[%emt 0:05:14] White is much more active. The black rooks are badly placed.} O-O-O 15. Rc1 g6 16. Nd6+ Bxd6 17. Bxd6 Rhe8 18. f3 Re6 19. Bf4 Rde8 $2 {[%emt 0:03:44] [#]} (19... Qb4 $14) 20. Nb5 {[%emt 0:04:00] Weighted Error Value: White=0.02 (flawless) /Black=0.26 (precise)} 1-0

[Event "ETCC Open 2023"]
[Site "Budva"]
[Date "2023.11.11"]
[Round "1.48"]
[White "Wartiovaara, Oliver"]
[Black "Balog, Imre"]
[Result "0-1"]
[ECO "C11"]
[WhiteElo "2270"]
[BlackElo "2617"]
[Annotator "TA"]
[PlyCount "102"]
[EventDate "2023.11.10"]
[EventType "team-tourn"]
[EventCountry "MNE"]
[SourceTitle "playchess.com"]
[Source "ChessBase"]
[SourceQuality "1"]
[WhiteTeam "Finland"]
[BlackTeam "Hungary"]
[WhiteTeamCountry "FIN"]
[BlackTeamCountry "HUN"]
[TimeControl "40/5400+30:1800+30"]

1. e4 e6 2. d4 d5 3. Nc3 Nf6 4. e5 Nfd7 5. f4 c5 6. Nf3 Nc6 7. Be3 a6 8. Qd2 Be7 9. dxc5 Nxc5 {[%emt 0:01:30] C11: French: Classical System: 4 e5 and 4 Bg5 dxe4.} 10. O-O-O Qa5 11. Kb1 Bd7 $5 {[%emt 0:11:50][%cal Bc8d7,Bd7e8,Be8h5,Bh5g6,Bg6f5][%mdl 4] [#] The position is equal. Exploring less charted territory.} 12. f5 $146 ({Predecessor:} 12. Bd3 b5 13. Ne2 Qc7 14. Ned4 Na5 15. Qe1 Nc4 16. Bc1 a5 17. f5 b4 18. fxe6 fxe6 {1-0 Abu Sufian,S (2236)-Reefat,B (2409) Joytu Sheikh Hasina Online op 2020 (5)}) 12... Rc8 13. fxe6 (13. Bc4 $14) 13... fxe6 $11 14. Bg5 {[%emt 0:04:49] [#]} (14. Bc4 $11) 14... Qd8 (14... Bxg5 $1 $17 15. Qxg5 O-O) 15. h4 O-O 16. Bd3 Be8 17. Ne2 Bh5 18. Qe3 Nxd3 19. cxd3 d4 20. Qe4 ({White should play} 20. Qg1) 20... Bg6 21. Qg4 Bf5 {[%emt 0:00:09] This pair of bishops is nice.} 22. Qg3 Rf7 (22... Bxg5 $17 23. Qxg5 Qxg5 24. hxg5 Bg4) 23. Nf4 Qa5 {[%emt 0:00:20] [#] ...Bf8 is the strong threat.} 24. Bxe7 Rxe7 $40 {[%emt 0:00:16][%mdl 128] Black is up to no good.} 25. Rc1 (25. a3 $15) 25... Rec7 $17 {[%emt 0:01:04] White must now prevent ...Nb4.} 26. a3 {[%emt 0:04:32] Prevents Nb4.} Nxe5 27. Nxd4 Rxc1+ 28. Rxc1 Rxc1+ 29. Kxc1 Qc5+ 30. Nc2 Qd6 {[%emt 0:00:18][%cal Re5d3] Black has more active pieces.} 31. Ne1 Ng6 32. Ne2 Qxg3 33. Nxg3 Nxh4 {[%emt 0:00:06][%mdl 4096] Endgame KBN-KNN} 34. Kd2 Kf7 35. Ke3 Ke7 36. Kf4 Ng6+ 37. Ke3 Ne5 38. Kd4 Kd6 39. Nh5 g5 40. Nf6 Ng4 41. Ne4+ Bxe4 42. Kxe4 $19 {[%emt 0:00:26] KN-KN} Nf2+ 43. Kf3 Nd1 44. Kg4 h6 45. Kh5 Ke5 ({Inferior is} 45... Nxb2 46. Kxh6 g4 47. Kh5 $11) 46. Kxh6 Kf4 {[%emt 0:01:14][%cal Og5g4] Hoping for ...g4!} ({Of course not} 46... Nxb2 $6 47. Kxg5 Nd1 48. Nf3+ Kd5 49. g4 $11) 47. b4 $2 {[%emt 0:00:00] White does not recover from this.} (47. d4 $17 {is more resistant.}) 47... g4 {[%emt 0:00:00] aiming for ...Ne3. Black is clearly winning.} 48. Kh5 (48. d4 $142 Ke3 49. Kh5) 48... Ne3 49. Kh4 Nf5+ 50. Kh5 e5 51. Nc2 Ne3 {[%emt 0:00:00] Weighted Error Value: White=0.39/Black=0.10 (very precise)} 0-1

[Event "ETCC Open 2023"]
[Site "Budva"]
[Date "2023.11.11"]
[Round "1.49"]
[White "Nikolovski, Nikola"]
[Black "Navara, David"]
[Result "0-1"]
[ECO "B23"]
[WhiteElo "2405"]
[BlackElo "2695"]
[Annotator "TA"]
[PlyCount "92"]
[EventDate "2023.11.10"]
[EventType "team-tourn"]
[EventCountry "MNE"]
[SourceTitle "playchess.com"]
[Source "ChessBase"]
[SourceQuality "1"]
[WhiteTeam "Macedonia"]
[BlackTeam "Czech Republic"]
[WhiteTeamCountry "MKD"]
[BlackTeamCountry "CZE"]
[TimeControl "40/5400+30:1800+30"]

1. e4 c5 2. Nc3 d6 3. f4 g6 4. Nf3 Bg7 5. Bb5+ Bd7 6. a4 {[%emt 0:00:58] B23: Closed Sicilian: Lines without g3.} Nc6 7. d3 a6 8. Bxc6 {[%emt 0:00:29] The position is equal.} Bxc6 9. a5 Nf6 10. O-O O-O 11. Qe1 e6 12. Kh1 {[%emt 0:04:37] [#]} Rc8 $146 ({Predecessor:} 12... b5 13. axb6 Qxb6 14. Ra2 Nd7 15. Bd2 Rfe8 16. b3 Qb7 17. Qh4 f5 18. Raa1 Bf6 {1-0 Yermolenko,V (2261)-Barannikov,V (2071) Anapa op-B 2010 (5)}) 13. e5 Nd5 14. Ne4 Nb4 15. Qf2 dxe5 16. fxe5 {[%emt 0:04:30] Hoping for Bg5.} Bxe4 17. dxe4 f5 18. exf6 Qxf6 19. Qe2 c4 20. Rb1 Qd8 21. Ra1 Qd7 22. h4 (22. Be3 $11) 22... Qb5 $15 23. Bg5 Bxb2 (23... Nc6 $15) 24. Rab1 $14 c3 25. Qf2 (25. Qxb5 axb5 26. Bc1 Nxc2 27. Bxb2 cxb2 28. Rxb2 Ne3 $11) (25. Qd1 $1 $14 Qxa5 26. Be7) 25... Qxa5 $2 (25... Rf7 $1 $11) 26. Rbd1 $2 (26. Bh6 $1 $16 Rf7 27. Qg1) 26... Qb5 $11 27. Bh6 (27. h5 {is interesting.} h6 28. Be7 Qxh5+ 29. Kg1) 27... Rf7 28. Rd6 (28. Qd4 $15 Nc6 29. Qg1) 28... Qh5 (28... Nxc2 $2 29. Rfd1 $18) ({Black should try} 28... Nc6 $17 29. Rfd1 Qh5) 29. Be3 (29. Bg5 $1 $15 h6 30. Be3) 29... Qg4 $2 (29... Ba3 $17 {[%cal Ob4c2] ...Nxc2! would be deadly.} 30. Rxe6 Qg4) 30. Rfd1 $2 {[%emt 0:00:48] [#]} ({White has to play} 30. Rd7 $1 $18 {[%cal Rd7f7] Strongly threatening Rxf7.} Rxd7 31. Ne5) 30... Qxe4 $2 {[%emt 0:02:42] [#]} (30... Nc6 $1 $17 {keeps the pressure on. And now ...Ba3 would win.} 31. Rd7 Rc7) 31. Bh6 ({White must play} 31. Rd8+ $1 $16 Rxd8 32. Rxd8+ Rf8 33. Rxf8+ Kxf8 34. Ng5+ Qf5 35. Qg3) 31... Nd5 (31... Qxc2 $2 32. Rd8+ $18) 32. Qc5 {[%emt 0:02:07][%mdl 64] Deflection, Back Rank} Rff8 (32... Rxc5 $2 {leads to mate.} 33. Rd8+) (32... Rfc7 $5 33. Qa5 Qc4 $17) 33. Qf2 Ba3 34. Rd7 Rf5 {[%emt 0:00:28] ...Bf8 is the strong threat.} 35. Rg7+ (35. Rd4 $11 Rxf3 36. gxf3) 35... Kh8 $15 36. Rxb7 {[%emt 0:00:27] White wants to mate with Qa7.} Bf8 37. Bxf8 Rcxf8 ({But not} 37... Rfxf8 38. Re1 Qf4 39. Rxe6 $11) 38. Re1 (38. Qa7 $142 Nf6 39. Re1) 38... Ne3 $1 $17 {[%emt 0:00:37][%cal Rf5f3][%mdl 64] aiming for ...Rxf3. Discovered Attack} 39. Qxe3 (39. Rxh7+ $17 Kxh7 40. Rxe3) 39... Qxb7 $19 40. Qxc3+ Kg8 ({Avoid the trap} 40... Qg7 $2 41. Qc6 $19) 41. Rxe6 $2 (41. Qe3) 41... Rxf3 42. gxf3 Rxf3 {[%emt 0:00:18] KQR-KQR. Black mates.} 43. Qc6 Qb1+ 44. Kh2 Rf2+ 45. Kg3 Qg1+ 46. Kh3 Rh2# {[%emt 0:00:00] Excellently played by Navara!   Weighted Error Value: White=0.58/Black=0.38} 0-1

[Event "ETCC Open 2023"]
[Site "Budva"]
[Date "2023.11.11"]
[Round "1.50"]
[White "Nguyen, Thai Dai Van"]
[Black "Pancevski, Filip"]
[Result "1-0"]
[ECO "C54"]
[WhiteElo "2624"]
[BlackElo "2441"]
[Annotator "TA"]
[PlyCount "137"]
[EventDate "2023.11.10"]
[EventType "team-tourn"]
[EventCountry "MNE"]
[SourceTitle "playchess.com"]
[Source "ChessBase"]
[SourceQuality "1"]
[WhiteTeam "Czech Republic"]
[BlackTeam "Macedonia"]
[WhiteTeamCountry "CZE"]
[BlackTeamCountry "MKD"]
[TimeControl "40/5400+30:1800+30"]

1. e4 e5 2. Nf3 Nc6 3. Bc4 Bc5 4. O-O Nf6 5. d3 d6 6. c3 a6 7. a4 $1 {[%emt 0:00:08][%mdl 4] is currently scoring better than 7.Bb3.} O-O 8. h3 {[%emt 0:03:01] C54: Giuoco Piano: 4 c3 Nf6, main lines with 5 d4 and 5 d3.} h6 9. Re1 Ba7 10. Nbd2 {[%emt 0:00:15] The position is equal.} Re8 11. b4 Be6 12. Bxe6 Rxe6 13. Qc2 Qd7 14. Nf1 d5 15. Bd2 $5 {[%emt 0:01:53][%mdl 4] A promising side line.} Rd8 16. b5 Ne7 17. c4 dxe4 18. dxe4 Qd3 {[%emt 0:06:55] [#] Against Be3} 19. Rac1 $146 ({Predecessor:} 19. Qxd3 Rxd3 20. Be3 Bd4 21. Bxd4 exd4 22. e5 Nd7 23. Rad1 Rxd1 24. Rxd1 c5 25. bxc6 Nxc6 26. Nxd4 Nxd4 27. Rxd4 Nxe5 {1-0 Petrov,M (2504)-Mohammad Fahad,R (2319) Online Olym Div2 A rapid 2020 (5.5)}) 19... Qxc2 20. Rxc2 Bc5 21. Bc3 Ng6 22. N1d2 Ra8 23. a5 b6 24. Nb3 Bf8 25. axb6 axb5 26. bxc7 (26. b7 Rb8 $15) 26... b4 27. Bd2 Rc6 28. c5 Rxc7 29. Rc4 (29. Bxb4 $2 Rb7 30. Rc4 Ra4 $19) 29... Ra4 30. Rec1 (30. Rxb4 $2 {perishes.} Rxb4 31. Bxb4 Rb7 $19) (30. Bxb4 $2 Rb7 31. Nfd2 Rbxb4 $19) 30... Nd7 31. Bxb4 Nb8 (31... Nf4 $11 {remains equal.} 32. R1c2 Ne6) 32. Ba5 $16 Rxc4 33. Rxc4 ({But not} 33. Bxc7 Rxc1+ 34. Nxc1 Na6 $11) 33... Rc8 34. g3 f6 35. Bd2 Ne7 36. Ra4 Nd7 {[%emt 0:00:25] [#]} 37. Be3 $1 Nc6 {[%emt 0:00:12] Prevents Ra7.} 38. Nfd2 Kf7 39. Nc4 (39. Kg2 $16) 39... Rc7 (39... Rb8 $11 40. Ncd2 Rb7) 40. Nb6 {[%emt 0:01:05] White is more active.} Ncb8 (40... Rb7 $16) 41. Ra8 $36 {[%emt 0:34:37][%mdl 2048] White is on the roll.} Nc6 42. Kf1 Be7 43. Nd5 {[%emt 0:00:00] Wards off Nb4} Rb7 (43... Ra7 $142 44. Rxa7 Nxa7) 44. Na5 Nxa5 45. Rxa5 {[%emt 0:00:00] [#] Strongly threatening c6.} Nb8 46. Ke2 Ke6 47. Kd3 Bd8 48. Ra8 f5 49. Kc4 fxe4 50. Nb6 {[%emt 0:02:48] And now Kb5 would win.} Nc6 51. Kb5 Rc7 52. Ra6 Nb8 53. Ra4 Nc6 54. Rxe4 Be7 55. Ra4 {[%emt 0:01:20] Hoping for Na8.} h5 $2 (55... Bd8 56. f4 Na7+ 57. Kc4 exf4) 56. Ra6 {[%emt 0:00:42] Na8 is the strong threat.} Nb8 57. Ra2 Nc6 (57... g5 {is a better defense.} 58. Kc4 g4 59. hxg4 hxg4) 58. Ra6 (58. Na8 $142 Ra7 59. Rxa7 Nxa7+ 60. Kb6 Nc8+ 61. Kb7 Nd6+ 62. cxd6 Kxd6 63. h4) 58... Nb8 $1 59. Ra1 Nc6 $2 (59... h4 {might work better.} 60. g4 g5) 60. Kc4 (60. Na8 $142 Ra7 61. Rxa7 Nxa7+ 62. Kb6 Nc8+ 63. Kc7) 60... Kf5 $2 (60... Nd4 {was called for.}) 61. Nd5 Rc8 62. Ra6 {[%emt 0:00:44][%cal Oa6c6] Threatens to win with Rxc6!} Bf8 63. f3 {[%emt 0:00:23][%cal Bf2f3,Bf3f4][%mdl 32] Black must now prevent Nb4. White is clearly winning.} e4 64. g4+ hxg4 65. hxg4+ Ke5 (65... Ke6 $142 66. fxe4 Ke5) 66. f4+ Ke6 67. Nb4 Kd7 68. Nxc6 Rxc6 69. Ra8 {[%emt 0:00:35] Weighted Error Value: White=0.23 (precise) /Black=0.26 (precise)} 1-0

[Event "ETCC Open 2023"]
[Site "Budva"]
[Date "2023.11.11"]
[Round "1.51"]
[White "Lazov, Toni"]
[Black "Zilka, Stepan"]
[Result "1/2-1/2"]
[ECO "B23"]
[WhiteElo "2377"]
[BlackElo "2609"]
[Annotator "TA"]
[PlyCount "90"]
[EventDate "2023.11.10"]
[EventType "team-tourn"]
[EventCountry "MNE"]
[SourceTitle "playchess.com"]
[Source "ChessBase"]
[SourceQuality "1"]
[WhiteTeam "Macedonia"]
[BlackTeam "Czech Republic"]
[WhiteTeamCountry "MKD"]
[BlackTeamCountry "CZE"]
[TimeControl "40/5400+30:1800+30"]

1. e4 c5 2. Nc3 d6 3. f4 Nc6 4. Nf3 g6 5. Bb5 Bd7 6. O-O Bg7 7. a4 {[%emt 0:07:06][%cal Oa4a5] B23: Closed Sicilian: Lines without g3.} e6 {[%emt 0:02:18] [#] 7...a6 is more advanced technology.} 8. Be2 $146 ({Predecessor:} 8. Bxc6 Bxc6 9. d4 cxd4 10. Nxd4 Nf6 11. Qd3 O-O 12. h3 Qe7 13. Be3 a6 14. Rad1 {0-1 Sosa,T (2544)-Aryan,C (2607) Menorca op 2nd 2023 (9)}) 8... Nge7 9. Nb5 Qb8 10. c3 a6 11. Na3 {[%emt 0:00:02] [#]} b5 $1 12. d4 (12. Nc2 b4) 12... cxd4 13. axb5 axb5 14. cxd4 b4 15. Nc2 Rxa1 16. Nxa1 Qa7 17. Nb3 e5 (17... O-O $15) 18. Be3 $14 {[%emt 0:05:47] And now fxe5 would win.} O-O 19. Bf2 exd4 (19... exf4 $2 20. d5 Qa2 21. dxc6 Bxc6 22. Bc4 $18 (22. Qxd6 Qxb3 23. Qxe7 Qxb2 $18)) 20. Nbxd4 Nxd4 21. Bxd4 Bxd4+ 22. Qxd4 Qxd4+ 23. Nxd4 d5 24. e5 Nf5 25. Rd1 Rc8 26. Nxf5 (26. Nb3 $14) 26... Bxf5 $11 {[%emt 0:00:09] The position is equal.} 27. Rxd5 $14 {[%emt 0:00:04][%mdl 4096] Endgame KRB-KRB} Rc2 28. Bd3 Rxb2 29. Bxf5 gxf5 $11 {[%emt 0:00:06] KR-KR} 30. h3 b3 31. Rb5 h5 32. g4 hxg4 33. hxg4 fxg4 34. f5 Kg7 35. Rb4 Kh6 {[%emt 0:00:46] [#] aiming for ...Kg5.} 36. e6 $1 fxe6 37. fxe6 Kg7 {[%emt 0:00:11] Threatens to win with ...Kf6.} 38. Rxg4+ Kf6 (38... Kf8 $5 39. Rb4 $8 Kg7 $11) 39. Re4 {[%emt 0:01:00] e7 is the strong threat.} Ke7 40. Re3 Rb1+ 41. Kg2 b2 42. Rb3 Kxe6 43. Rb6+ Kd5 44. Rb8 Kc4 45. Rc8+ Kb3 {[%emt 0:00:04] Weighted Error Value: White=0.04 (flawless) /Black=0.06 (flawless)} 1/2-1/2

[Event "ETCC Open 2023"]
[Site "Budva"]
[Date "2023.11.11"]
[Round "1.52"]
[White "Stalmach, Richard"]
[Black "Veljanoski, Andrej"]
[Result "1-0"]
[ECO "D46"]
[WhiteElo "2420"]
[BlackElo "2289"]
[Annotator "RC"]
[PlyCount "99"]
[EventDate "2023.11.10"]
[EventType "team-tourn"]
[EventCountry "MNE"]
[SourceTitle "playchess.com"]
[Source "ChessBase"]
[SourceQuality "1"]
[WhiteTeam "Czech Republic"]
[BlackTeam "Macedonia"]
[WhiteTeamCountry "CZE"]
[BlackTeamCountry "MKD"]
[TimeControl "40/5400+30:1800+30"]

1. d4 d5 2. c4 e6 3. Nc3 Nf6 4. Nf3 c6 5. e3 Nbd7 6. Qc2 Bd6 7. Bd3 dxc4 8. Bxc4 b5 9. Bd3 Bb7 10. O-O O-O 11. e4 e5 12. h3 a6 13. dxe5 Nxe5 14. Nxe5 Bxe5 15. Be3 Re8 16. f4 Bxc3 17. bxc3 c5 18. e5 c4 19. Be2 Be4 20. Qb2 Nd5 21. Bd4 Qc7 22. a3 f6 23. Rae1 fxe5 24. fxe5 Qc6 25. Bg4 Nc7 26. Rf4 Bd5 27. Bf5 Ne6 28. Rh4 g6 29. Bxe6+ Qxe6 30. Bc5 Rad8 31. Rf4 Qc6 32. Qf2 Be6 33. Bd6 Qd7 34. Rf1 Ra8 35. Kh2 Qg7 36. Rf6 Qb7 37. h4 Qg7 38. Qf3 Rac8 39. g4 Kh8 40. Qf4 Rcd8 41. Rg1 Qd7 42. Rg3 a5 43. Qh6 Qg7 44. Qg5 b4 45. Rxe6 b3 46. Rg2 Qb7 47. Qf6+ Kg8 48. Rxe8+ Rxe8 49. e6 b2 50. Be5 1-0

[Event "ETCC Open 2023"]
[Site "Budva"]
[Date "2023.11.11"]
[Round "1.53"]
[White "Brkic, Ante"]
[Black "Pasko, Llambi"]
[Result "1-0"]
[ECO "C77"]
[WhiteElo "2622"]
[BlackElo "2395"]
[Annotator "TA"]
[PlyCount "93"]
[EventDate "2023.11.10"]
[EventType "team-tourn"]
[EventCountry "MNE"]
[SourceTitle "playchess.com"]
[Source "ChessBase"]
[SourceQuality "1"]
[WhiteTeam "Croatia"]
[BlackTeam "Albania"]
[WhiteTeamCountry "CRO"]
[BlackTeamCountry "ALB"]
[TimeControl "40/5400+30:1800+30"]

1. e4 e5 2. Nf3 Nc6 3. Bb5 a6 4. Ba4 Nf6 5. d3 b5 6. Bb3 Bc5 7. c3 d6 8. Bg5 $1 {[%emt 0:00:22][%mdl 4] outshines the older 8.0-0. C77: Ruy Lopez: 3...a6 4 Ba4 Nf6, unusual lines.} h6 9. Bh4 O-O 10. O-O {[%emt 0:02:39] White has an edge.} Bb6 11. a4 Rb8 12. Nbd2 g5 13. Bg3 Bg4 {[%emt 0:01:03] [#]} 14. Kh1 $146 ({Predecessor:} 14. axb5 axb5 15. h3 Bh5 16. Re1 Qd7 17. Nf1 Ra8 18. Rc1 Kg7 19. Ne3 Bxe3 20. Rxe3 {½-½ Grischuk,A (2736)-Tomashevsky,E (2694) Moscow Stars Prelim 19th rapid 2023 (1)}) 14... Ne7 15. d4 Ng6 16. h3 Bh5 17. Qc2 Qe7 18. Rfe1 Kh8 19. axb5 axb5 20. Qd3 Rfd8 21. Ba2 c6 22. Bb3 Rg8 23. Bd1 Qe6 24. Bb3 (24. Ra6 {keeps more tension.} Nf4 25. Bxf4 exf4 26. e5) 24... Qe7 25. Bd1 Qe6 26. Nf1 g4 (26... Ra8 $11 {is more appropriate.} 27. Rxa8 Rxa8) 27. hxg4 Nxg4 (27... Bxg4 $14 28. N1h2 Nh5) 28. Qd2 $16 Kh7 29. N3h2 ({White should try} 29. Ng1 $16) 29... Nf6 ({Better is} 29... Nxh2 $1 $14 30. Nxh2 (30. Bxh5 Nxf1 31. Rxf1 exd4 $11) 30... Bxd1 31. Rexd1 Ra8) 30. Bxh5 (30. Bc2 $16) 30... Nxh5 $11 31. Ne3 Ne7 32. Bh4 Ng6 $1 33. Nf5 {[%emt 0:01:52][%csl Gf5][%cal Rd2h6] [#]} Nxh4 34. Nxh4 Bd8 (34... b4 $11) 35. Nf5 $1 $14 Bg5 36. Qe2 (36. Qc2 {simplifies} exd4 37. Nxd4 Qg6 38. g3) 36... Nf4 (36... Ng7 $14) 37. Qf3 $16 {[%emt 0:00:12] aiming for g3.} d5 (37... Nxg2 $16 38. Qxg2 Bd2) 38. g3 Ng6 39. Ng4 exd4 (39... Ra8 $142 40. Rad1 dxe4 41. Qxe4 (41. Rxe4 Bf4 $18) 41... exd4) 40. cxd4 {[%emt 0:02:14][%cal Of5h6] [#] Black must now prevent Nfxh6!} Rbe8 (40... Ra8 {was called for.} 41. exd5 Rxa1 42. Rxa1 cxd5) 41. e5 Ne7 42. Nd6 {[%emt 0:06:40] A dynamic duo of knights.} Ref8 43. Kg2 {[%emt 0:09:48] And now Nf6+ would win. White is much more active.} Ng6 $2 {[%emt 0:09:11] A mistake that costs the game.} (43... Rg6 $16 {was worth a try.} 44. Ra7 Kh8) 44. Ra7 $18 Be7 $2 (44... Bd8 45. Rxf7+ Rxf7 46. Qxf7+ Qxf7 47. Nxf7 h5) 45. Qf5 {[%emt 0:05:27] White is clearly winning.} Rg7 46. Rh1 Bg5 47. Qxg5 {[%emt 0:00:33] Weighted Error Value: White=0.24 (precise) /Black=0.43} 1-0

[Event "ETCC Open 2023"]
[Site "Budva"]
[Date "2023.11.11"]
[Round "1.54"]
[White "Mehmeti, Dritan"]
[Black "Martinovic, Sasa"]
[Result "0-1"]
[ECO "D77"]
[WhiteElo "2377"]
[BlackElo "2542"]
[Annotator "RC"]
[PlyCount "88"]
[EventDate "2023.11.10"]
[EventType "team-tourn"]
[EventCountry "MNE"]
[SourceTitle "playchess.com"]
[Source "ChessBase"]
[SourceQuality "1"]
[WhiteTeam "Albania"]
[BlackTeam "Croatia"]
[WhiteTeamCountry "ALB"]
[BlackTeamCountry "CRO"]
[TimeControl "40/5400+30:1800+30"]

1. d4 Nf6 2. Nf3 g6 3. g3 Bg7 4. Bg2 O-O 5. O-O d5 6. c4 dxc4 7. Na3 c3 8. bxc3 c5 9. Nc4 Nc6 10. Ba3 cxd4 11. cxd4 Be6 12. Rc1 Rc8 13. Qd3 a5 14. e4 b5 15. Ncd2 b4 16. Bb2 Nd7 17. Qb1 Bg4 18. d5 Nce5 19. Nxe5 Nxe5 20. Rxc8 Bxc8 21. Qa1 f6 22. f4 Nf7 23. h4 e6 24. Rd1 exd5 25. Nb3 Qe7 26. Rxd5 Bb7 27. Rxa5 Bxe4 28. Qe1 f5 29. Bxg7 Kxg7 30. Nc5 Re8 31. Bxe4 fxe4 32. Qxb4 e3 33. Qc3+ Kg8 34. Nd3 Qd7 35. Ne1 Qh3 36. Ng2 Qxg3 37. Qe1 Qg4 38. h5 e2 39. hxg6 hxg6 40. Rd5 Qf3 41. Rd2 g5 42. Rd4 Re6 43. a4 Rh6 44. Rd2 Qf1+ 0-1